 Dungeon Crawl Stone Soup version 0.31-a0-618-g7ca08c1ff9 (webtiles) character file.

Game seed: 17155785496913295046

2157 bobarctor the Thaumaturge (level 9, -4/57 HPs)
             Began as a Demonspawn Necromancer on Aug 23, 2023.
             Slain by a salamander
             ... wielding a +0 glaive
             ... created by the fury of Okawaru
              (11 damage)
             ... in a bailey.
             The game lasted 00:38:51 (5144 turns).

bobarctor the Thaumaturge (Demonspawn Necromancer)  Turns: 5144, Time: 00:38:52

Health: -4/57      AC: 11    Str:  9    XL:     9   Next: 10%
Magic:  30/30      EV: 12    Int: 26    God:
Gold:   171        SH:  0    Dex: 14    Spells: 5/25 levels left

rFire   . . .        w - +2 arbalest (flame)
rCold   . . .        (shield currently unavailable)
rNeg    . . .        a - +0 robe
rPois   .            (helmet restricted)
rElec   .            C - +2 cloak
rCorr   .            (no gloves)
SInv    .            t - +2 pair of boots
Will    .....        p - amulet of magic regeneration
Stlth   ++           e - +6 ring of intelligence
HPRegen 0.29/turn    E - ring of magical power
MPRegen 0.84/turn

%: no passive effects
@: lethally poisoned (-4 -> -20)
A: antennae 2, molten scales 2, magic regeneration
a: no special abilities


You were in a bailey.
You visited 2 branches of the dungeon, and saw 8 of its levels.
You also visited: Bailey.

You collected 171 gold pieces.

Inventory:

Hand Weapons
 c - a +4 quarterstaff of chaos
 f - a +3 hammer
 w - a +2 arbalest of flaming (weapon)
 z - a +2 heavy flail
Missiles
 d - 86 stones
 g - 6 boomerangs
 n - a throwing net
 A - 35 poisoned darts
Armour
 a - a +0 robe (worn)
 t - a +2 pair of boots (worn)
 C - a +2 cloak (worn)
Jewellery
 e - a +6 ring of intelligence (left hand)
 p - an amulet of magic regeneration (around neck)
 r - a ring of protection from fire
 B - a ring of protection from cold
 E - a ring of magical power (right hand)
Scrolls
 j - a scroll of noise
 v - a scroll of teleportation
Potions
 b - a potion of magic
 h - 3 potions of mutation
 l - a potion of haste
 o - 2 potions of enlightenment
 s - a potion of might
 D - a potion of berserk rage


   Skills:
 + Level 2.4 Dodging
 + Level 2.2 Stealth
 * Level 8.7 Spellcasting
 * Level 3.5 Hexes
 + Level 8.1 Necromancy


You had 5 spell levels left.
You knew the following spells:

 Your Spells              Type           Power      Damage    Failure   Level
a - Necrotise             Necr           100%       1d9       1%          1
b - Vampiric Draining     Necr           52%        2d9       1%          3
c - Animate Dead          Necr           52%        N/A       1%          4
d - Agony                 Necr           52%        N/A       4%          5
e - Confusing Touch       Hex            29%        N/A       3%          3
f - Slow                  Hex            100%       N/A       1%          1
g - Ignite Poison         Fire/Tmut/Pois 11%        N/A       16%         3

Your spell library contained the following spells:

 Spells                   Type           Power      Damage    Failure   Level
 Sticky Flame             Conj/Fire      11%        2d3       45%         4
 Ignition                 Fire           5%         3d4       100%        8


Dungeon Overview and Level Annotations

Branches:
Dungeon (7/15)             Temple (1/1) D:5          Bailey (1/1)

Altars:
Ashenzari
Cheibriados
Fedhas
Gozag
Hepliaklqana
Nemelex Xobeh
Okawaru
Qazlal
Trog
Uskayaw
Wu Jian
Xom
Yredelemnul

Annotations:
D:5 1 runed translucent door, Hubris850's ghost, novice MfSh


Innate Abilities, Weirdness & Mutations

You have a pair of antennae on your head.
You are mostly covered in molten scales. (AC +3)
You regenerate magic rapidly.


Message History

a +0 war axe; a +0 scale mail
Things that are here:
a +0 war axe; a +0 scale mail; a human corpse
Things that are here:
a +0 war axe; a +0 scale mail You swap places.
You start resting.
Magic restored.
Things that are here:
a +0 war axe; a +0 scale mail; a human corpse Your reaping aura is weakening.
Your reaping aura expires.
There is an open door here.
Okawaru sends forces against you!
A naga warrior, a salamander, 3 nagas and a stone giant come into view.
The naga warrior is wielding a +0 short sword and wearing a +1 kite shield of poison resistance.
A naga is wielding a +1 heavy trident.
You swap places.
The naga shouts!
Your human zombie barely misses the naga.
The naga warrior spits poison at you. The splash of poison hits you.
You are poisoned.
The naga spits poison at you.
The splash of poison hits you but does no damage.
You are more poisoned.
The salamander barely misses you. The naga barely misses you.
The naga grabs you. The naga constricts you.
You escape the naga's grasp.
You feel very sick.
Your human zombie hits the naga.
The naga spits poison at you.
The splash of poison hits you but does no damage.
You are more poisoned.
The stone giant throws a large rock.
The large rock hits you!!!
Ouch! That really hurt!
* * * LOW HITPOINT WARNING * * *
The salamander attacks as it pursues you!
The salamander hits you from afar with a +0 glaive.
* * * LOW HITPOINT WARNING * * *
You are engulfed in flames!
You die...

### #.##
##N.##
#....##
##....N#
#.NCNN.#
+Z.....# {
####@###
##~~~##
#~~~~~#
#))~~~#
#~~~~~#
{#+#'#~~##
##...####
#.....#
#.∩.∩.#


You could see a stone giant, a naga warrior (catching breath), a salamander, 3
nagas and a friendly human zombie.

Vanquished Creatures
  2 humans (Bailey)
  2 ice beasts (D:5)
  An orc warrior (D:6)
  A black bear (D:5)
  An ogre (D:5)
  2 phantoms (D:5)
  3 bullfrogs (Bailey)
  2 kobold brigands
  4 scorpions
  A wight (D:7)
  4 killer bees (D:6)
  Crazy Yiuf (D:5)
  3 hounds
  An orc priest (D:5)
  2 jellies (D:5)
  2 iguanas
  3 gnolls (D:3)
  9 adders
  A shadow imp (D:7)
  A worm (D:2)
  3 dart slugs
  8 orcs
  9 ball pythons
  7 endoplasms
  3 giant cockroaches
  7 goblins
  6 hobgoblins
  17 kobolds
  3 quokkas
  5 bats
  A frilled lizard (D:1)
  4 rats
119 creatures vanquished.

Vanquished Creatures (collateral kills)
  A sky beast (D:7)
  An orc priest (D:4)
  A worm (D:4)
  2 orcs
  A ball python (D:4)
  A hobgoblin (D:2)
  A kobold (D:7)
8 creatures vanquished.

Vanquished Creatures (others)
  3 bullfrog zombies (Bailey)
  A sky beast zombie (D:7)
  6 kobold zombies
  An iguana zombie (D:7)
  A gnoll zombie (D:5)
  A goblin zombie (D:7)
13 creatures vanquished.

Grand Total: 140 creatures vanquished

Notes
Turn   | Place    | Note
-------+----------+-------------------------------------------
     0 | D:1      | bobarctor the Demonspawn Necromancer began the quest for
                  | the Orb.
     0 | D:1      | Reached XP level 1. HP: 13/13 MP: 3/3
   536 | D:1      | Gained mutation: You are partially covered in molten
                  | scales. (AC +2) [demonic ancestry]
   536 | D:1      | Reached XP level 2. HP: 19/19 MP: 0/5
  1071 | D:2      | Gained mutation: You regenerate magic rapidly. [demonic
                  | ancestry]
  1071 | D:2      | Reached XP level 3. HP: 24/24 MP: 4/7
  1191 | D:2      | Learned a level 3 spell: Vampiric Draining
  1359 | D:2      | Reached skill level 5 in Necromancy
  1558 | D:3      | Found a hide-covered altar of Uskayaw.
  1612 | D:3      | Gained mutation: You are mostly covered in molten scales.
                  | (AC +3) [demonic ancestry]
  1612 | D:3      | Reached XP level 4. HP: 30/30 MP: 6/9
  1617 | D:3      | Learned a level 4 spell: Animate Dead
  2103 | D:3      | Found a faded altar of an unknown god.
  2465 | D:4      | Noticed a scorpion
  2771 | D:4      | Reached XP level 5. HP: 34/34 MP: 9/11
  3067 | D:4      | Reached skill level 5 in Spellcasting
  3067 | D:4      | Gained mutation: You have a pair of small antennae on your
                  | head. [demonic ancestry]
  3067 | D:4      | Reached XP level 6. HP: 41/41 MP: 13/13
  3263 | D:5      | Entered Level 5 of the Dungeon
  3304 | D:5      | Noticed an ice beast
  3309 | D:5      | Killed an ice beast
  3378 | D:5      | Reached XP level 7. HP: 46/46 MP: 14/16
  3384 | D:5      | Learned a level 5 spell: Agony
  3397 | D:5      | Learned a level 3 spell: Confusing Touch
  3401 | D:5      | Found a blossoming altar of Fedhas.
  3402 | D:5      | Found a hazy altar of Hepliaklqana.
  3576 | D:5      | Reached skill level 1 in Hexes
  3611 | D:5      | Found a staircase to the Ecumenical Temple.
  3655 | Temple   | Entered the Ecumenical Temple
  3954 | Temple   | Became a worshipper of Warmaster Okawaru
  4166 | Temple   | Fell from the grace of Okawaru
  4263 | D:5      | Found a runed translucent door.
  4264 | D:5      | Noticed Crazy Yiuf
  4272 | D:5      | Killed Crazy Yiuf
  4313 | D:5      | Found a runed translucent door.
  4313 | D:5      | Noticed Hubris850's ghost (novice MfSh)
  4338 | D:5      | Your ally Crazy Yiuf died
  4343 | D:5      | Reached XP level 8. HP: 51/52 MP: 18/18
  4409 | D:5      | Learned a level 1 spell: Slow
  4736 | D:6      | Noticed a minotaur
  4891 | D:7      | Noticed a cyclops
  4892 | D:7      | Identified a scroll of acquirement
  4892 | D:7      | Acquired a +6 ring of intelligence
  4937 | D:7      | Found a flagged portal.
  5050 | Bailey   | Entered a bailey
  5079 | Bailey   | Learned a level 3 spell: Ignite Poison
  5119 | Bailey   | Gained mutation: You have a pair of antennae on your head.
                  | [demonic ancestry]
  5119 | Bailey   | Reached XP level 9. HP: 39/57 MP: 21/21
  5142 | Bailey   | Noticed a naga warrior
  5142 | Bailey   | Noticed a salamander
  5142 | Bailey   | Noticed a stone giant
  5144 | Bailey   | Slain by a salamander

Illustrated notes

Levels and vault maps discovered:
D:1:      dpeg_arrival_water_temple_mockup, layout_loops_ring,
          minmay_tetromino_s2
D:2:      layout_rooms
D:3:      layout_loops_cross, lemuel_round_altar,
          hellmonk_ecumenical_altar_leap_of_faith
D:4:      layout_basic, minivault_24
D:5:      layout_cave_pools, gammafunk_temple_overflow_forgotten,
          minmay_temple_entry_sparse_star, gammafunk_ghost_grave,
          uniq_crazy_yiuf_cottage
D:6:      layout_loops_cross
D:7:      layout_cave_pods, nicolae_ru_path_of_blood, enter_bailey_5,
          nrook_mini_backslash, kennysheep_small_square
Temple:   minmay_temple_curvy_loop
Bailey:   bailey_axe_froggy_fort_hellmonk, bailey

Skill      XL: |  1  2  3  4  5  6  7  8 |
---------------+-------------------------+-----
Spellcasting   | 3 4 5 6 7 8 |  8.7
Necromancy     | 5 6 8 |  8.1
Stealth        | 2 |  2.2
Dodging        | 2 |  2.4
Hexes          | 1 3 |  3.5

Action                     |  1- 3 |  4- 6 |  7- 9 || total
---------------------------+-------+-------+-------++-------
   Fire: Arbalest          |       |    21 |    58 ||    79
   Cast: Necrotise         |    74 |    69 |    73 ||   216
         Animate Dead      |       |     2 |     8 ||    10
         Vampiric Draining |       |       |    33 ||    33
         Agony             |       |       |     1 ||     1
 Invoke: Renounce Religion |       |       |     1 ||     1
    Use: Scroll            |       |       |    15 ||    15
 Armour: Robe              |     2 |     1 |    77 ||    80
  Dodge: Dodged            |    11 |     7 |   109 ||   127

Table legend: (Time is in decaauts)
 A = Elapsed time spent in this place.
 B = Non-inter-level travel time spent in this place.
 C = Inter-level travel time spent in this place.
 D = Time resting spent in this place.
 E = Time spent auto-exploring this place.
 F = Levels seen in this place.
 G = Mean time per level.
                   A        B        C        D        E       F      G
               +--------+--------+--------+--------+--------+-----+--------+
         Total |   5228 |   5002 |    226 |    754 |   2781 |   9 |  580.9 |
       Dungeon |   4635 |   4458 |    177 |    732 |   2781 |   7 |  662.1 |
        Temple |    483 |    434 |     49 |      0 |      0 |   1 |  483.0 |
        Bailey |    109 |    109 |      0 |     22 |      0 |   1 |  109.0 |
               +--------+--------+--------+--------+--------+-----+--------+

Top non-repeatable levels by time:
     D:1: 989 daAuts
     D:4: 870 daAuts
     D:3: 864 daAuts
     D:5: 725 daAuts
     D:2: 542 daAuts
  Temple: 483 daAuts
     D:6: 337 daAuts
     D:7: 305 daAuts
  Bailey: 109 daAuts
